 Dungeon Crawl Stone Soup version 0.31-a0-983-g7b6862f502 (webtiles) character file.

Game seed: 187701917947232310

210 timneilson the Ruffian (level 5, -4/35 HPs)
             Began as an Octopode Shapeshifter on Nov 2, 2023.
             Killed by nerve-wracking pain
             ... invoked by an orc priest
              (9 damage)
             ... on level 3 of the Dungeon.
             The game lasted 00:04:14 (1782 turns).

timneilson the Ruffian (Octopode Shapeshifter)      Turns: 1782, Time: 00:04:15

Health: -4/35      AC:  1    Str: 15    XL:     5   Next: 88%
Magic:  0/6        EV: 13    Int: 12    God:
Gold:   54         SH:  0    Dex: 12    Spells: 6/6 levels left

rFire   . .          .
                       - Unarmed
rCold   . . .        (no shield)
rNeg    . . .        (helmet currently unavailable)
rPois   .            f - amulet of guardian spirit
rElec   .            e - ring of flight
rCorr   .            (no ring)
SInv    .            (no ring)
Will    .....        (no ring)
Stlth   +++          (no ring)
HPRegen 0.25/turn    (no ring)
MPRegen 0.10/turn    (no ring)
                     (no ring)

%: guardian spirit
@: beast-form, flying
A: beast (slay +2), almost no armour, amphibious, 8 rings, camouflage 1,
gelatinous body 1, (nimble swimmer 1), tentacles
a: Begin Untransformation


You were on level 3 of the Dungeon.
You were a hulking beast.
You visited 1 branch of the dungeon, and saw 3 of its levels.

You collected 54 gold pieces.

Inventory:

Jewellery
 e - a ring of flight (left tentacle)
 f - an amulet of guardian spirit (around mantle)
Talismans
 b - a beast talisman
 c - a flux talisman
Scrolls
 d - a scroll of poison
Potions
 a - a potion of lignification
 g - a potion of curing {unknown}
 h - 3 potions of degeneration {unknown}


   Skills:
 * Level 2.6 Fighting
 * Level 3.1 Dodging
 + Level 2.1 Stealth
 * Level 3.9 Unarmed Combat
 + Level 1.2 Spellcasting
 * Level 3.7 Shapeshifting


You had 6 spell levels left.
You didn't know any spells.
Your spell library contained the following spells:

 Spells                   Type           Power      Damage    Failure   Level
 Manifold Assault         Tloc           0%         N/A       96%         4
 Dispersal                Tloc           0%         N/A       100%        6
 Disjunction              Tloc           0%         N/A       100%        8


Dungeon Overview and Level Annotations

Branches:
Dungeon (3/15)

Altars:
Nemelex Xobeh


Innate Abilities, Weirdness & Mutations

You are a hulking beast.
Your limbs bulge with bestial killing power. (Slay +2)
You cannot wear most types of armour.
You are amphibious.
You can wear up to eight rings at the same time.
Your skin changes colour to match your surroundings (Stealth+).
Your rubbery body absorbs attacks. (AC +1, EV +1)
((You are camouflaged when in or above water. (Stealth+)))
You have tentacles for arms and can constrict up to eight enemies at once.


Message History

Found a dagger.
Found a stone staircase leading down.
The orc priest shouts! x2
The orc priest mumbles some strange prayers to Beogh against you.
Beogh smites you!
The orc shouts!
The orc priest hits you with a +0 trident.
The orc closely misses you. The orc priest hits you with a +0 whip.
You tentacle-slap the orc priest. You grab the orc priest.
You tentacle-slap the orc priest. You squeeze the orc priest!
You kill the orc priest!
The orc priest closely misses you. The orc hits you with a +0 hand axe.
The orc barely misses you.
You closely miss the orc priest. Your grab misses the orc priest.
Your tentacle-slap misses the orc priest.
Your squeeze misses the orc priest. The orc priest hits you with a +0 whip.
The orc barely misses you. The orc hits you with a +0 dagger.
You bludgeon the orc! Your grab misses the orc. Your squeeze misses the orc.
The orc is almost dead.
The orc priest misses you. The orc closely misses you.
The orc hits you with a +0 hand axe.
You bludgeon the orc priest! You grab the orc priest.
The orc priest is heavily wounded.
You constrict the orc priest, but do no damage.
The orc priest miscasts a cantrip.
The orc completely misses you. The orc barely misses you.
You closely miss the orc. You grab the orc. You constrict the orc.
You constrict the orc priest. The orc priest hits you with a +0 whip.
* * * LOW HITPOINT WARNING * * *
The orc hits you with a +0 hand axe.
* * * LOW HITPOINT WARNING * * *
The orc hits you with a +0 dagger.
* * * LOW HITPOINT WARNING * * *
You tentacle-slap the orc.
You kill the orc!
You constrict the orc. You constrict the orc priest.
The orc hits you with a +0 dagger.
* * * LOW HITPOINT WARNING * * *
The orc priest mumbles some strange prayers to Beogh against you.
Pain shoots through your body!
You die...

....'.)'......#
....####......# ...
.......#......# ..##
...###+#......# .....
...#.......######+#...
...#.........##......
...#.........#.....#
.............#..)).#
...#.....#####.oho.# >
.........##...#....#...
........###...#........
........###...........)#
..........#.......#....#
..#.†.....##......#....#
..........##......# ....
..................#.....
.....#...............


You could see an orc priest and an orc.

Vanquished Creatures
  An orc priest (D:3)
  Natasha (thrice) (D:2)
  An orc wizard (D:2)
  Robin (D:1)
  2 adders
  A worm (D:2)
  A dart slug (D:1)
  2 orcs (D:3)
  4 bats
  An endoplasm (D:2)
  3 giant cockroaches (D:1)
  13 goblins
  5 hobgoblins
  2 quokkas (D:1)
  3 ball pythons
  A frilled lizard (D:3)
  6 kobolds
  4 rats
54 creatures vanquished.

Notes
Turn   | Place    | Note
-------+----------+-------------------------------------------
     0 | D:1      | timneilson the Octopode Shapeshifter began the quest for
                  | the Orb.
     0 | D:1      | Reached XP level 1. HP: 13/13 MP: 1/1
   193 | D:1      | Reached XP level 2. HP: 14/18 MP: 2/2
   611 | D:2      | Noticed Robin
   719 | D:1      | Reached skill level 1 in Stealth
   771 | D:1      | Reached XP level 3. HP: 23/23 MP: 3/3
   781 | D:1      | Killed Robin
  1044 | D:2      | Noticed Natasha
  1057 | D:2      | Killed Natasha
  1058 | D:2      | Reached XP level 4. HP: 21/29 MP: 2/5
  1143 | D:2      | Noticed Natasha
  1152 | D:2      | Killed Natasha
  1242 | D:2      | Noticed Natasha
  1247 | D:2      | Killed Natasha
  1248 | D:2      | Reached skill level 1 in Spellcasting
  1248 | D:2      | Reached XP level 5. HP: 26/34 MP: 3/6
  1701 | D:3      | Found a sparkling altar of Nemelex Xobeh.
  1782 | D:3      | Killed from afar by an orc priest

Illustrated notes

Levels and vault maps discovered:
D:1:      roadster_arrival_rocket_large, layout_rooms, minmay_misc_feat_plants
D:2:      layout_basic, uniq_robin, uniq_natasha
D:3:      layout_basic, mainiacjoe_overflow_tiny_flanked

Skill      XL: |  1  2  3  4  5 |
---------------+----------------+-----
Stealth        | 1 2 |  2.1
Fighting       | 2 |  2.6
Spellcasting   | 1 |  1.2
Dodging        | 3 |  3.1
Unarmed Combat | |  3.9
Shapeshifting  | |  3.7

Action                     |  1- 3 |  4- 6 || total
---------------------------+-------+-------++-------
  Melee: Unarmed           |    73 |    43 ||   116
         Constrict         |    20 |    12 ||    32
         Tentacles         |    19 |     7 ||    26
         Punch             |     2 |     1 ||     3
    Use: Scroll            |     3 |     5 ||     8
   Stab: Sleeping          |     5 |     4 ||     9
 Armour: Skin              |    33 |    27 ||    60
  Dodge: Dodged            |    53 |    33 ||    86

Table legend: (Time is in decaauts)
 A = Elapsed time spent in this place.
 B = Non-inter-level travel time spent in this place.
 C = Inter-level travel time spent in this place.
 D = Time resting spent in this place.
 E = Time spent auto-exploring this place.
 F = Levels seen in this place.
 G = Mean time per level.
                   A        B        C        D        E       F      G
               +--------+--------+--------+--------+--------+-----+--------+
         Total |   1791 |   1734 |     57 |    312 |    889 |   3 |  597.0 |
       Dungeon |   1791 |   1734 |     57 |    312 |    889 |   3 |  597.0 |
               +--------+--------+--------+--------+--------+-----+--------+

Top non-repeatable levels by time:
     D:2: 861 daAuts
     D:1: 728 daAuts
     D:3: 201 daAuts
